 Dungeon Crawl Stone Soup version 0.16-a0-4115-ga5ed934 (webtiles) character file.

3403 timbw the Carver (level 9, -4/74 HPs)
             Began as a Centaur Gladiator on Mar 1, 2015.
             Was a Believer of the Shining One.
             Slain by a minotaur (12 damage)
             ... in a labyrinth.
             The game lasted 00:16:40 (4493 turns).

timbw the Carver (Centaur Gladiator)                Turns: 4493, Time: 00:16:40

Health: -4/74      AC:  9    Str: 19    XL:     9   Next: 75%
Magic:  7/7        EV: 10    Int:  7    God:    the Shining One [**....]
Gold:   149        SH:  0    Dex: 14    Spells: 0 memorised, 8 levels left

rFire  . . .     SeeInvis .     d - +0 scimitar (curse)
rCold  . . .     Clarity  +     z - +1 troll leather armour
rNeg   + . .     SustAb   .     (no shield)
rPois  .         Gourm    .     x - +2 hat
rElec  .         Spirit   .     E - +0 cloak
rCorr  .         Warding  .     (no gloves)
rMut   .         Stasis   .     (no barding)
MR     +....                    (no amulet)
Stlth  ..........               A - ring of loudness (curse)
                                k - ring of protection from magic

@: glowing, very quick, somewhat resistant to hostile enchantments, extremely
unstealthy
A: antennae 1, hooves 3, agile 1, clarity, deformed body, speed 2, tough skin 3
a: Divine Shield, Renounce Religion


You were in a labyrinth.
You worshipped the Shining One.
The Shining One was pleased with you.
You were not hungry.

You visited 2 branches of the dungeon, and saw 12 of its levels.
You also visited: Labyrinth.

You collected 149 gold pieces.

Inventory:

Hand weapons
 a - a +0 long sword
 d - a cursed +0 scimitar (weapon)
 l - the +2 falchion "Pnuum" {freeze, rC- rN+ MR+ Str+5 Int-3}
   (You found it on level 6 of the Dungeon)

   It has been specially enchanted to freeze those struck by it, causing extra
   injury to most foes and up to half again as much damage against particularly
   susceptible opponents.
   It can also slow down cold-blooded creatures.
   It affects your strength (+5).
   It affects your intelligence (-3).
   It makes you vulnerable to cold.
   It protects you from negative energy.
   It affects your resistance to hostile enchantments.
 y - a cursed +3 great sword
Armour
 b - a +0 leather armour
 c - a +1 helmet
 p - a +0 chain mail of magic resistance
 t - the +0 leather armour of Laom Yredu {+Inv rN+}
   (You found it on level 8 of the Dungeon)

   It protects you from negative energy.
   It lets you turn invisible.
 v - a +0 plate armour
 x - a +2 hat (worn)
 z - a +1 troll leather armour (worn)
 E - a +0 cloak (worn)
Jewellery
 k - a ring of protection from magic (left hand)
 A - a cursed ring of loudness (right hand)
Magical devices
 i - a wand of polymorph (3)
 s - a wand of frost (0)
Scrolls
 q - a scroll of teleportation
Potions
 e - a potion of cancellation {unknown}
 h - a potion of haste
 n - a potion of invisibility {unknown}
 o - a potion of resistance {unknown}
 r - a potion of magic
 w - a potion of ambrosia {unknown}
 D - a potion of curing {unknown}
Books
 m - a book of Battle

   Spells                             Type                      Level
   a - Infusion                       Charms                       1
   b - Shroud of Golubria             Charms/Translocation         2
   c - Song of Slaying                Charms                       2
   d - Spectral Weapon                Hexes/Charms                 3
   e - Regeneration                   Charms/Necromancy            3
 C - a book of Minor Magic

   Spells                             Type                      Level
   a - Magic Dart                     Conjuration                  1
   b - Blink                          Translocation                2
   c - Call Imp                       Summoning                    2
   d - Repel Missiles                 Charms/Air                   2
   e - Slow                           Hexes                        2
   f - Conjure Flame                  Conjuration/Fire             3
   g - Mephitic Cloud                 Conjuration/Poison/Air       3
Miscellaneous
 B - a phantom mirror
Comestibles
 f - a bread ration
 g - 3 meat rations
 u - a fruit


   Skills:
 + Level 5.6 Fighting
 * Level 11.9 Long Blades
 - Level 2.6 Throwing
 - Level 2.1 Dodging


You had 8 spell levels left.
You didn't know any spells.

Dungeon Overview and Level Annotations

Branches:
Dungeon (11/15)            Temple (1/1) D:6            Lair (0/8) D:8
    Orc: D:9-12

Altars:
Dithmenos
Elyvilon
Fedhas
Gozag
Makhleb
Nemelex Xobeh
Okawaru
Qazlal
Ru
Yredelemnul
Zin
The Shining One

Annotations:
D:9 abixa's ghost, powerful OgBe
D:11 exclusion: obsidian statue


Innate Abilities, Weirdness & Mutations

You have hooves in place of feet.
Armour fits poorly on your strangely shaped body.
You cover ground very quickly.
You have extremely tough skin (AC +3).
You have a pair of small antennae on your head.
You are agile. (Dex +2)
You possess an exceptional clarity of mind.


Message History

The earth elemental is heavily damaged.
You hit the earth elemental but do no damage.
You kick the earth elemental, but do no damage.
The earth elemental is heavily damaged.
The earth elemental hits you!
You hit the earth elemental. You kick the earth elemental.
The earth elemental is severely damaged.
You hit the earth elemental.
The earth elemental is severely damaged.
The earth elemental hits you!!
* * * LOW HITPOINT WARNING * * *
A minotaur comes into view.
The minotaur bellows!
Found a glowing robe.
Found an escape hatch in the ceiling.
You completely miss the minotaur. Your kick misses the minotaur.
Unknown command.
The minotaur hits you!
* * * LOW HITPOINT WARNING * * *
The minotaur gores you!
You die...

. .# #<..#.
.#.# ##
#.#.#.# # . .
#.# .#..# #
#.#..#.# ###.
# #
.#.#...#.E..
# . #.#.#.# .
##.# # . #...
.####... . #
...####..###.
..
.#E##H..#.@#
# ##..#.H#H.#
#.
.#...#.#.#.#
# #
.#.#.#.#.#.#
#...#.#
...#..# #####
#.#.#.. #
..#.#.....#
###.###.###
#.# .


You could see a minotaur.

Vanquished Creatures
  A manticore (D:11)
  A centaur zombie (D:10)
  A troll (D:11)
  A deep elf fighter (D:8)
  A hippogriff (D:10)
  Menkaure (D:6)
  2 ice beasts (D:6)
  A wandering mushroom (Lab)
  A black bear (D:10)
  A phantom (D:8)
  2 orc warriors
  4 ogres
  A centaur (D:10)
  5 giant frogs
  3 scorpions (D:6)
  4 wights (D:8)
  A giant frog zombie (D:10)
  A hound (D:7)
  A jelly (D:5)
  2 orc priests
  A giant frog skeleton (D:8)
  5 orc wizards
  3 worker ants
  Jessica (D:2)
  A gnoll (D:5)
  5 river rats (D:8)
  2 adders
  An adder zombie (D:6)
  2 giant geckos (D:6)
  13 orcs
  A ball python (D:4)
  15 bats
  4 giant cockroaches
  7 hobgoblins
  A jackal (D:6)
  2 quokkas
  A giant gecko skeleton (D:4)
  4 giant newts
  2 goblins
  A jackal skeleton (D:6)
  3 kobolds
  15 rats
125 creatures vanquished.

Vanquished Creatures (others)
  A fungus (D:8)
  20 toadstools (D:2)
21 creatures vanquished.

Grand Total: 146 creatures vanquished

Notes
Turn   | Place    | Note
--------------------------------------------------------------
     0 | D:1      | timbw, the Centaur Gladiator, began the quest for the Orb.
     0 | D:1      | Reached XP level 1. HP: 17/17 MP: 1/1
    96 | D:2      | Reached skill level 3 in Long Blades
   110 | D:2      | Noticed Jessica
   122 | D:2      | Killed Jessica
   122 | D:2      | Reached XP level 2. HP: 15/24 MP: 2/2
   245 | D:2      | Reached XP level 3. HP: 21/29 MP: 3/3
   341 | D:2      | Found a blossoming altar of Fedhas.
   606 | D:4      | Reached skill level 4 in Long Blades
   615 | D:4      | Reached XP level 4. HP: 19/36 MP: 3/3
   704 | D:5      | Entered Level 5 of the Dungeon
   742 | D:5      | Found a burning altar of Makhleb.
   742 | D:5      | Found a basalt altar of Yredelemnul.
   742 | D:5      | Found a stormy altar of Qazlal.
   743 | D:5      | Found a shadowy altar of Dithmenos.
   743 | D:5      | Found a glowing silver altar of Zin.
   743 | D:5      | Found a sacrificial altar of Ru.
   744 | D:5      | Found a white marble altar of Elyvilon.
   794 | D:6      | Noticed a giant frog
   807 | D:6      | Killed a giant frog
   807 | D:6      | Reached skill level 5 in Long Blades
   807 | D:6      | Reached XP level 5. HP: 18/41 MP: 4/4
  1153 | D:5      | Noticed an orc warrior
  1171 | D:5      | Killed an orc warrior
  1171 | D:5      | Reached skill level 6 in Long Blades
  1171 | D:5      | Reached XP level 6. HP: 19/48 MP: 5/5
  1438 | D:6      | Got a brightly glowing falchion
  1440 | D:6      | Identified the +2 falchion "Pnuum" {freeze, rC- rN+ MR+ Str+5 Int-3} (You found it on level 6 of the Dungeon)
  1454 | D:6      | Noticed an ogre
  1492 | D:6      | Killed an ogre
  1492 | D:6      | Reached skill level 7 in Long Blades
  1512 | D:6      | Noticed an ice beast
  1526 | D:6      | Noticed Menkaure
  1534 | D:6      | Killed Menkaure
  1534 | D:6      | Reached XP level 7. HP: 44/55 MP: 5/5
  1578 | D:6      | Noticed an ogre
  1603 | D:6      | Killed an ogre
  1628 | D:6      | Reached skill level 8 in Long Blades
  1650 | D:6      | HP: 2/55 [poisoned by a scorpion]
  1816 | D:6      | Noticed an ice beast
  1976 | D:6      | Killed an ice beast
  1994 | D:6      | Found a staircase to the Ecumenical Temple.
  1998 | Temple   | Entered the Ecumenical Temple
  2052 | Temple   | Became a worshipper of the Shining One
  2274 | D:6      | Killed an ice beast
  2311 | D:7      | Reached XP level 8. HP: 33/61 MP: 6/6
  2318 | D:7      | Reached skill level 9 in Long Blades
  2323 | D:7      | HP: 2/61 [ogre/giant club (14)]
  2780 | D:8      | Got a warped leather armour
  2791 | D:8      | Identified the +0 leather armour of Laom Yredu {+Inv rN+} (You found it on level 8 of the Dungeon)
  2942 | D:8      | Reached skill level 10 in Long Blades
  3156 | D:8      | Acquired the Shining One's first power
  3300 | D:8      | Found a staircase to the Lair.
  3446 | D:9      | Noticed abixa's ghost (powerful OgBe)
  3490 | D:9      | Gained mutation: You have a pair of small antennae on your head. [potion of mutation]
  3490 | D:9      | Gained mutation: You are agile. (Dex +2) [potion of mutation]
  3490 | D:9      | Gained mutation: You possess an exceptional clarity of mind. [potion of mutation]
  3523 | D:9      | Reached XP level 9. HP: 59/70 MP: 7/7
  3600 | D:10     | Entered Level 10 of the Dungeon
  3736 | D:11     | Noticed an obsidian statue
  3754 | D:11     | Reached skill level 11 in Long Blades
  3819 | D:10     | Noticed a centaur zombie
  3833 | D:10     | Killed a centaur zombie
  3866 | D:11     | Noticed a manticore
  3882 | D:11     | HP: 2/73 [manticore (20)]
  3883 | D:11     | Killed a manticore
  3883 | D:11     | Reached skill level 5 in Fighting
  4212 | D:11     | Found a labyrinth entrance.
  4231 | Lab      | Entered a labyrinth
  4412 | Lab      | Acquired the Shining One's second power
  4463 | Lab      | HP: 2/74 [earth elemental (25)]
  4473 | Lab      | Noticed a minotaur
  4493 | Lab      | Slain by a minotaur

Action                   |  1- 3 |  4- 6 |  7- 9 || total
-------------------------+-------+-------+-------++-------
Melee: Long sword        |    63 |    83 |       ||   146
       Falchion          |       |    19 |       ||    19
       Scimitar          |       |    16 |   317 ||   333
Throw: Throwing net      |     5 |     2 |       ||     7
Evoke: Wand              |       |     5 |     7 ||    12
  Use: Potion            |       |     4 |     9 ||    13
       Scroll            |       |     5 |     5 ||    10
 Stab: Held in net/web   |       |     1 |       ||     1
  Eat: Chunk             |       |     1 |     6 ||     7
       Bread ration      |       |       |     1 ||     1
